 Dungeon Crawl Stone Soup version 0.21-a0-630-g344d351 (webtiles) character file.

618925 Amnesiac the Spry (level 26, 0/218 HPs)
             Began as a Mummy Necromancer on Dec 26, 2017.
             Was a High Priest of Sif Muna.
             Killed from afar by an orb of fire (17 damage)
             ... with a bolt of fire
             ... on level 5 of the Realm of Zot.
             The game lasted 04:15:53 (83229 turns).

Amnesiac the Spry (Mummy Necromancer)              Turns: 83229, Time: 04:15:53

Health: 0/218      AC: 21    Str: 14      XL:     26   Next: 98%
Magic:  0/55       EV: 24    Int: 18 (20) God:    Sif Muna [*****.]
Gold:   6840       SH: 18    Dex: 12 (15) Spells: 10/64 levels left

rFire    + + .     SeeInvis +   b - +8 autumn katana {slice, Clar}
rCold    . . .     Gourm    .   B - +5 shield {reflect}
rNeg     + + +     Faith    .   k - +2 robe {Archmagi}
rPois    ∞         Spirit   +   g - +2 helmet {SInv}
rElec    .         Reflect  +   s - +2 cloak {MR+}
rCorr    .         Harm     .   U - +2 pair of gloves {Dex+3}
MR       ++++.     Clarity  +   H - +2 pair of boots {Stlth+} Stlth +++.......Rnd*Tele +
                                F - amulet of guardian spirit
HPRegen  0.46/turn              N - ring "Idodurob" {*Tele rF+++ rC- MP+9 Int-4}
MPRegen  0.34/turn              Q - +5 ring of protection

@: divine energy
A: no food or potions, fire vulnerability, cold resistance 1, negative energy
resistance 3, torment resistance, unbreathing, in touch with death 2
}: 3/15 runes: serpentine, barnacled, golden
a: Stop Divine Energy, Channel Magic, Forget Spell, Renounce Religion


You were on level 5 of the Realm of Zot.
You worshipped Sif Muna.
Sif Muna was extremely pleased with you.
You were not hungry.

You visited 12 branches of the dungeon, and saw 55 of its levels.
You visited 1 bazaar.
You also visited: Labyrinth, Trove and Ice Cave.

You collected 9280 gold pieces.
You spent 2440 gold pieces at shops.

Inventory:

Hand Weapons
 b - the +8 autumn katana (weapon) {slice, Clar}
   (You bought it in a shop in a bazaar)

   It inflicts extra damage upon your enemies.
   It protects you against confusion.
 O - a +0 battleaxe
Missiles
 D - 3 throwing nets (quivered)
Armour
 g - a +2 helmet of see invisible (worn)
 k - a +2 robe of the Archmagi (worn)
 s - a +2 cloak of magic resistance (worn)
 t - the +1 robe "Rynkai" {rF+ rN+++ rCorr Str-4}
   (You found it on level 14 of the Dungeon)

   It affects your strength (-4).
   It protects you from fire.
   It renders you almost immune to negative energy.
   It protects you from acid and corrosion.
 B - a +5 shield of reflection (worn)
 H - a +2 pair of boots of stealth (worn)
 P - the +18 shield of the Gong {rElec rN+ MR+ EV-5}
   (You found it on level 2 of the Depths)

   It affects your evasion (-5).
   It insulates you from electricity.
   It protects you from negative energy.
   It affects your resistance to hostile enchantments.
 U - a +2 pair of gloves of dexterity (worn)
Magical Staves
 a - an uncursed staff of death
Jewellery
 c - an uncursed ring of flight
 d - the ring "Uzumod" {rElec rF+ Str+3}
   (You took it off a deep elf knight on level 3 of the Elven Halls)

   [ring of strength]

   It affects your strength (+3).
   It protects you from fire.
   It insulates you from electricity.
 h - an uncursed ring of see invisible
 q - a +5 ring of evasion
 w - the amulet of the Air {Inacc +Fly rElec EV+5 RMsl}
   (You found it on level 4 of the Shoals)

   [amulet of inaccuracy]

   It reduces the accuracy of all your attacks.
   It affects your evasion (+5).
   It insulates you from electricity.
   It lets you fly.
   It protects you from missiles.
 F - an amulet of guardian spirit (around neck)
 N - the ring "Idodurob" (left hand) {*Tele rF+++ rC- MP+9 Int-4}
   (You took it off a deep elf demonologist on level 3 of the Elven Halls)

   [ring of teleportation]

   It may teleport you next to monsters.
   It affects your intelligence (-4).
   It renders you almost immune to fire.
   It makes you vulnerable to cold.
   It affects your magic capacity (+9).
 Q - a +5 ring of protection (right hand)
Wands
 l - a wand of enslavement (46)
 n - a wand of acid (21)
 p - a wand of polymorph (39)
 x - a wand of random effects (96)
 A - a wand of digging (20)
 E - a wand of disintegration (42)
 G - a wand of flame (91)
 J - a wand of iceblast (41)
 V - a wand of clouds (13)
 Z - a wand of paralysis (103)
Scrolls
 e - 2 scrolls of silence {!r}
 f - 10 scrolls of amnesia {!r}
 j - 6 scrolls of enchant weapon {!r}
 m - 6 scrolls of fear {!r}
 o - 24 scrolls of remove curse {!r}
 r - 9 scrolls of magic mapping {!r}
 v - 5 scrolls of enchant armour {!r}
 z - 7 scrolls of fog {!r}
 C - 19 scrolls of teleportation {!r}
 I - a scroll of summoning {!r}
 K - 3 scrolls of vulnerability {!r}
 L - a scroll of brand weapon {!r}
 M - 2 scrolls of torment {!r}
 W - 19 scrolls of identify {!r}
Books
 i - Udohomov's Collected Works on Lethal Attacks
   (Sif Muna gifted it to you on level 5 of the Depths)

   Spells                             Type                      Level
   a - Animate Skeleton               Necromancy                   1
   b - Bolt of Draining               Conjuration/Necromancy       5
   c - Dispel Undead                  Necromancy                   5
   d - Spellforged Servitor           Conjuration/Summoning        7
Miscellaneous
 u - a lamp of fire
 y - 3 phantom mirrors
 S - 4 boxes of beasts
 T - a fan of gales


   Skills:
 + Level 20.0 Fighting
 - Level 12.0 Long Blades
 - Level 4.0 Staves
 * Level 20.8 Dodging
 - Level 1.5 Stealth
 - Level 15.0 Shields
 - Level 19.5 Spellcasting
 - Level 5.0 Summonings
 - Level 20.0 Necromancy
 - Level 12.0 Invocations
 - Level 5.0 Evocations


You had 10 spell levels left.
You knew the following spells:

 Your Spells              Type           Power        Failure   Level  Hunger
a - Bolt of Draining      Conj/Necr      ########..   1%          5    N/A
b - Spectral Weapon       Hex/Chrm       ####....     9%          3    N/A
c - Summon Butterflies    Summ           ######..     1%          1    N/A
d - Dispel Undead         Necr           ########     1%          5    N/A
e - Borgnjor's Vile Clut  Necr/Erth      ########..   1%          5    N/A
f - Poisonous Vapours     Pois/Air       ####..       4%          2    N/A
g - Haunt                 Necr/Summ      ########..   14%         7    N/A
h - Ozocubu's Armour      Chrm/Ice       ####....     9%          3    N/A
i - Vampiric Draining     Necr           ########..   0%          3    N/A
k - Apportation           Tloc           ####..       3%          1    N/A
l - Passage of Golubria   Tloc           N/A          30%         4    N/A
n - Passwall              Tmut/Erth      ####......   4%          2    N/A
q - Corpse Rot            Necr           N/A          0%          2    N/A
v - Blink                 Tloc           N/A          4%          2    N/A
w - Infestation           Necr           ########..   5%          8    N/A
z - Confusing Touch       Hex            ####..       3%          1    N/A

Dungeon Overview and Level Annotations

Branches:
Dungeon (15/15)            Temple (1/1) D:7            Lair (6/6) D:11
 Shoals (4/4) Lair:3        Snake (4/4) Lair:3        Slime (0/5) Lair:5
    Orc (2/2) D:9             Elf (3/3) Orc:2        Vaults (4/5) D:13
  Crypt (3/3) Vaults:3       Tomb (3/3) Crypt:3      Depths (5/5) D:15
    Zot (5/5) Depths:5

Altars:
Ashenzari
Cheibriados
Dithmenos
Elyvilon
Fedhas
Gozag
Hepliaklqana
Kikubaaqudgha
Makhleb
Nemelex Xobeh
Okawaru
Qazlal
Ru
Sif Muna
Trog
Uskayaw
Vehumet
Wu Jian
Xom
Yredelemnul
Zin
The Shining One
Jiyva

Shops:
D:11 (*(*   D:15 ?   Orc:2 (!%[   Elf:1 =   Elf:2 *   Elf:3 %   Shoals:2 *(=*}
Vaults:3 (   Vaults:4 [

Portals:
Hell: Depths:3
Pandemonium: Depths:3
Ziggurat: Depths:2


Innate Abilities, Weirdness & Mutations

You do not eat or drink.
Your flesh is vulnerable to fire.
You are immune to poison.
Your flesh is cold resistant. (rC+)
You are immune to negative energy. (rN+++)
You are immune to unholy pain and torment.
You can survive without breathing.
You are strongly in touch with the powers of death.


Message History

You barely miss the orb of fire.
The orb of fire is severely damaged.
You closely miss the orb of fire.
The orb of fire is severely damaged.
You hear a chilling moan.
You hit the orb of fire but do no damage.
The orb of fire is severely damaged.
You hear a shout!
The orb of fire emits a lurid red light.
The bolt of fire hits you! You resist.
* * * LOW HITPOINT WARNING * * *
You barely miss the orb of fire.
The orb of fire is severely damaged.
Something touches your hungry ghost!
You hit the orb of fire but do no damage.
The orb of fire is severely damaged.
Your death scarab waves its antennae.
The electric golem hurls lightning at you.
The bolt of lightning misses you. x2
The bolt of lightning hits your death scarab. x2
Your death scarab is destroyed!
An ancient lich comes into view.
You hit the orb of fire.
The orb of fire is severely damaged.
The electric golem is no longer moving slowly.
The electric golem closely misses you.
You riposte.
You barely miss the electric golem.
The electric golem is lightly damaged.
The electric golem closely misses you. You block the electric golem's attack.
The electric golem hits you!
* * * LOW HITPOINT WARNING * * *
The ancient lich touches your hungry ghost.
You hit the orb of fire but do no damage.
The orb of fire is severely damaged.
Something misses your hungry ghost. You block the electric golem's attack.
The electric golem hits you but does no damage.
The electric golem completely misses you.
You block the electric golem's attack. Something touches your hungry ghost!
The ancient lich touches your hungry ghost!
Your hungry ghost is destroyed!
You barely miss the orb of fire.
The orb of fire is severely damaged.
Your wraith drains the orb of fire's vigour!
The orb of fire seems to slow down.
The electric golem hurls lightning at you.
The bolt of lightning hits you!
* * * LOW HITPOINT WARNING * * *
The bolt of lightning hits you!
* * * LOW HITPOINT WARNING * * *
A Killer Klown comes into view.
An ancient lich and a curse toe come into view.
The ancient lich gestures at you while chanting.
The iron shot hits your wraith.
Your wraith is destroyed!
The electric golem hurls lightning at you.
The bolt of lightning misses you. The bolt of lightning hits you!
* * * LOW HITPOINT WARNING * * *
The bolt of lightning hits the electric golem.
The electric golem completely resists.
The bolt of lightning hits the electric golem.
The electric golem completely resists.
The orb of fire glows deep purple.
The bolt of fire hits you! You resist.
You die...

##.....^.....##
#...........#
##.^.........##
#...........).#
##.............#
##............... .
###.).###########..
..zL##.8..## ##.
..2pL.*.@### ##
▓▓▓▓▓▓▓▓▓#


You could see an orb of fire, a Killer Klown, an electric golem, 2 ancient
liches, a curse toe and a hellion.

Vanquished Creatures
  4 ancient liches
  Sojobo (Depths:3)
  14 greater mummies
  Saint Roka (Snake:4)
  Xtahua (Crypt:2)
  Vashnia (Snake:4)
  A Killer Klown (Zot:5)
  Frederick (Vaults:3)
  A bone dragon (Depths:5)
  Nikola (Shoals:3)
  Jory (Depths:5)
  2 golden dragons
  A profane servitor (Crypt:2)
  Jorgrun (Crypt:2)
  6 liches
  A shard shrike skeleton (Crypt:1)
  2 tentacled monstrosities (Zot:3)
  6 Orb Guardians
  2 deep elf master archers (Elf:3)
  2 titans
  4 deep elf blademasters
  2 quicksilver dragons
  Polyphemus (Shoals:3)
  15 sphinxes
  2 death cobs
  4 ancient champions
  Gastronok (D:9)
  The ghost of Gaball the Impaler, an adept MfGl of the Shining One (Snake:4)
  Donald (Elf:3)
  Kirke (Elf:1)
  2 shadow dragons
  2 draconian monks
  3 revenants
  3 storm dragons
  5 fire giants
  4 nagarajas (Snake:4)
  2 tengu reavers (Depths:3)
  Ilsuiw (Shoals:4)
  2 ghost moths
  11 deep elf sorcerers
  6 frost giants
  10 vault wardens
  A curse skull (Crypt:3)
  4 deep elf elementalists (Elf:3)
  A draconian shifter (Depths:5)
  2 ghouls (Crypt:2)
  11 ironheart preservers
  A spriggan defender (Depths:5)
  4 very ugly things
  2 entropy weavers
  6 vampire knights
  4 war gargoyles
  An entropy weaver (shapeshifter) (Vaults:2)
  13 stone giants
  6 deep elf demonologists
  6 bennus
  3 black draconians (Depths:5)
  2 red draconians (Zot:5)
  11 deep elf annihilators
  2 white draconians
  3 dire elephants
  3 purple draconians
  2 spark wasps
  4 eidola
  8 merfolk javelineers
  7 ettins
  5 deep elf death magi
  12 merfolk impalers
  Snorg (D:10)
  7 crystal guardians (Depths:4)
  12 deep elf high priests
  A minotaur (Lab)
  6 jiangshi
  4 fire dragons
  19 mummy priests
  The ghost of cirnu the Carver, a journeyman DsFi of Gozag (D:12)
  Fannar (Orc:1)
  8 yaktaur captains
  18 naga warriors
  9 ice dragons
  4 great orbs of eyes
  4 vault guards
  3 rakshasas
  4 spriggan air magi
  6 merfolk avatars
  8 hydras
  4 alligator snapping turtles
  Erica (D:8)
  17 anacondas
  25 two-headed ogres
  A catoblepas (Shoals:3)
  4 merfolk aquamancers
  2 death knights
  2 satyrs
  2 satyrs (shapeshifter)
  7 centaur warriors
  3 deep troll shamans
  A queen ant (D:9)
  6 deep troll earth magi
  16 death yaks
  10 ogre magi
  72 death scarabs
  2 tengu warriors
  28 dancing weapons
  5 vampire magi
  15 naga sharpshooters
  2 spriggan berserkers
  17 deep elf knights
  2 small abominations (Elf:3)
  13 shock serpents
  An orc high priest (Orc:1)
  2 fire crabs (shapeshifter)
  A titan skeleton (Tomb:1)
  3 shadow wraiths (Crypt:2)
  3 salamander mystics
  A fire crab (Lair:5)
  28 skeletal warriors
  13 flayed ghosts
  A death drake (shapeshifter) (Depths:4)
  14 hell knights
  4 storm dragon skeletons
  2 unseen horrors
  13 sea snakes
  18 deep elf archers
  8 wizards
  17 deep trolls
  An anaconda zombie (Crypt:2)
  An orange crystal statue (Depths:1)
  A shadow dragon zombie (Tomb:3)
  10 ironbrand convokers
  An obsidian statue (D:14)
  5 glowing orange brains
  15 naga ritualists
  17 harpies
  Pikel (D:7)
  A lindwurm (Lair:3)
  12 orc knights
  22 phantasmal warriors
  3 wolf spider zombies
  The ghost of anet the Vexing, a novice DEWz (D:6)
  A wolf spider (Vaults:1)
  3 oklob plants
  4 necromancers
  An orc sorcerer (Elf:3)
  38 deep elf magi
  26 ugly things
  14 mana vipers
  16 manticores
  A fire giant zombie (Crypt:2)
  2 manticores (shapeshifter)
  7 moths of wrath
  2 shining eyes (shapeshifter)
  A stone giant zombie (Crypt:1)
  12 salamanders
  23 fauns
  A frost giant skeleton (Tomb:1)
  2 stone giant skeletons
  8 cyclopes
  30 elephants
  Maurice (Orc:2)
  3 human skeletons (Vaults:3)
  7 merfolk sirens
  Joseph (D:10)
  2 fire giant skeletons
  53 black mambas
  2 ice statues (IceCv)
  27 naga magi
  26 spiny frogs
  2 molten gargoyles (Depths:4)
  3 water nymphs
  8 guardian serpents
  9 vault sentinels
  9 gargoyles
  5 smoke demons (Crypt:3)
  5 rime drakes
  3 centaur skeletons
  5 freezing wraiths
  6 komodo dragons
  A rime drake (shapeshifter) (Elf:2)
  An efreet (D:14)
  2 kobold demonologists (D:15)
  A komodo dragon (shapeshifter) (Vaults:4)
  2 yaktaur skeletons (Vaults:3)
  30 yaktaurs
  A hydra zombie (Lair:2)
  A tengu conjurer (Depths:5)
  28 guardian mummies
  8 red devils
  5 polar bears
  29 merfolk
  3 meliai (D:15)
  A death yak skeleton (Lair:5)
  13 trolls
  3 meliai (shapeshifter)
  A harpy zombie (D:14)
  10 wind drakes
  4 tyrant leeches (Lair:6)
  3 raiju (Depths:4)
  A minotaur skeleton (Lab)
  4 hornets
  A jumping spider (shapeshifter) (D:15)
  A dream sheep (shapeshifter) (Depths:4)
  A hydra skeleton (Lair:6)
  8 snapping turtles
  Grinder (D:5)
  A harpy skeleton (Crypt:3)
  23 slime creatures
  13 hippogriffs
  An ettin zombie (Crypt:2)
  29 blink frogs
  7 dream sheep (Lair:6)
  A raiju (shapeshifter) (Depths:4)
  13 air elementals
  A black mamba zombie (Tomb:3)
  8 shadows
  A spriggan (Depths:5)
  22 flying skulls
  An ettin skeleton (Vaults:3)
  A spriggan (shapeshifter) (Elf:2)
  A centaur simulacrum (D:15)
  2 ushabtiu
  2 tarantellas (shapeshifter)
  17 humans
  18 redbacks
  A fire elemental (Depths:4)
  5 hogs (Elf:1)
  16 water elementals
  9 hungry ghosts
  3 wyverns
  4 basilisks
  66 yaks
  9 wraiths
  2 black mamba skeletons
  Eustachio (D:5)
  A golden eye (shapeshifter) (Vaults:3)
  Edmund (D:4)
  8 vampire mosquitoes
  Menkaure (D:4)
  2 wargs
  A deep troll zombie (Orc:2)
  89 nagas
  4 insubstantial wisps (Depths:4)
  21 soldier ants
  2 hell hounds (Depths:5)
  2 acid dragons
  2 two-headed ogre skeletons (Orc:2)
  6 porcupines
  8 water moccasins
  A deep troll skeleton (Vaults:3)
  A snapping turtle zombie (Tomb:3)
  4 spiny frog zombies
  4 spiny frog skeletons
  45 orc warriors
  2 black bears
  2 phantoms
  4 sky beasts
  A dream sheep zombie (Lair:2)
  The ghost of Lanoc the Digger, an amateur TrWn of Xom (D:3)
  An eye of draining (D:10)
  19 ice beasts
  A slave (D:7)
  48 ogres
  7 boggarts
  8 wolves
  2 blink frog zombies
  19 centaurs
  3 elf skeletons (Vaults:3)
  2 blink frog skeletons
  8 crocodiles
  A dream sheep skeleton (Lair:3)
  A snapping turtle skeleton (Crypt:3)
  3 big kobolds (D:15)
  A rime drake zombie (Lair:3)
  20 bullfrogs
  A hippogriff zombie (Lair:6)
  7 earth elementals
  A water moccasin zombie (Lair:6)
  A hippogriff skeleton (Crypt:1)
  A wyvern zombie (D:8)
  2 cyclops zombies
  3 komodo dragon skeletons
  A cyclops skeleton (Orc:2)
  2 warg zombies
  8 scorpions
  A yak zombie (Lair:6)
  A scorpion (shapeshifter) (Depths:4)
  A killer bee (shapeshifter) (Depths:4)
  20 killer bees
  10 wights
  A warg skeleton (Orc:2)
  A troll skeleton (Orc:2)
  5 electric eels
  A yak skeleton (Lair:6)
  6 howler monkeys
  7 crimson imps
  A black bear zombie (Crypt:2)
  5 bullfrog zombies
  3 centaur zombies
  6 hounds
  An iron imp (Depths:3)
  19 orc priests
  2 bullfrog skeletons
  6 jellies
  Jessica (D:3)
  An iguana (D:5)
  A demonspawn skeleton (Crypt:2)
  25 orc wizards
  A porcupine zombie (Lair:2)
  4 porcupine skeletons
  28 worker ants
  3 crocodile zombies (Lair:6)
  11 ogre zombies
  2 crocodile skeletons
  6 ogre skeletons
  2 hound skeletons
  47 mummies
  A worker ant zombie (D:9)
  11 adders
  11 orc zombies
  10 orc skeletons
  4 shadow imps
  A steam dragon skeleton (Crypt:1)
  A white imp (D:15)
  2 ufetubi (D:15)
  2 oozes
  2 adder skeletons (D:4)
  2 adder zombies
  3 worms
  2 ball lightnings (Depths:4)
  A barachi skeleton (Crypt:2)
  2 dart slugs
  10 leopard geckos
  115 orcs
  9 bats
  8 giant cockroaches
  9 goblins
  13 hobgoblins
  7 jackals
  7 kobolds
  A quokka (D:2)
  A ball python zombie (D:5)
  A dart slug zombie (Crypt:1)
  5 frilled lizards
  A quokka skeleton (D:4)
  6 rats
  A bush (Lair:6)
  2 crawling corpses (Elf:3)
  4 fungi
  23 plants
  6 withered plants (Crypt:3)
2558 creatures vanquished.

Vanquished Creatures (collateral kills)
  An ancient lich (Tomb:2)
  7 greater mummies
  A curse toe (Zot:5)
  A Killer Klown (Zot:5)
  3 Orb Guardians (Zot:5)
  A sphinx (shapeshifter) (Depths:4)
  A sphinx (Depths:5)
  An ancient champion (Tomb:3)
  2 shadow dragons (Zot:5)
  A draconian monk (Zot:5)
  A frost giant (Depths:3)
  A spriggan defender (Depths:5)
  2 stone giants
  2 very ugly things (Depths:2)
  3 green draconians (Zot:5)
  4 bennus
  A vampire knight (Depths:2)
  2 purple draconians (Zot:5)
  3 yellow draconians (Zot:5)
  2 spark wasps
  A white draconian (Zot:5)
  3 dire elephants (Depths:2)
  An ettin (Depths:3)
  7 mummy priests
  2 fire dragons (Depths:5)
  A yaktaur captain (Depths:5)
  A merfolk impaler (Depths:2)
  3 hydras (Depths:5)
  A great orb of eyes (Depths:5)
  3 rakshasas
  An ice dragon (Depths:2)
  A merfolk avatar (Shoals:1)
  2 two-headed ogres (Depths:2)
  An ogre mage (Depths:2)
  2 deep troll shamans
  2 centaur warriors
  2 deep troll earth magi (Depths:2)
  A tengu warrior (Depths:2)
  13 death scarabs
  A spriggan berserker (Depths:2)
  2 dancing weapons
  2 iron trolls (Depths:2)
  A skeletal warrior (Tomb:3)
  4 deep elf knights
  A glowing orange brain (Depths:2)
  2 deep elf archers
  11 deep elf magi
  3 harpies (Depths:5)
  4 salamanders (Depths:3)
  4 manticores (Depths:5)
  5 ugly things (Depths:2)
  A merfolk siren (Shoals:1)
  A molten gargoyle (Depths:4)
  5 yaktaurs
  10 guardian mummies
  5 slime creatures
  A raiju (Depths:4)
  3 flying skulls (Tomb:2)
  2 water elementals (Depths:2)
  3 air elementals
  A spriggan (Depths:5)
  4 fire elementals
  6 ushabtiu
  A basilisk (shapeshifter) (Depths:3)
  3 hell hounds (Depths:5)
  2 centaurs (Depths:2)
  2 ogres (Depths:2)
  An eye of draining (shapeshifter) (Depths:2)
  10 mummies
  An adder zombie (D:6)
  3 crawling corpses (Elf:3)
193 creatures vanquished.

Vanquished Creatures (others)
  An Orb Guardian (Zot:5)
  A war gargoyle (Vaults:1)
  A yaktaur captain (Depths:3)
  A spriggan air mage (Depths:5)
  A centaur warrior (Depths:3)
  A deep troll earth mage (Depths:5)
  A dancing weapon (Depths:4)
  19 death scarabs (Tomb:3)
  A tengu warrior (Depths:5)
  2 skeletal warriors (Tomb:2)
  2 deep trolls (Depths:5)
  A naga ritualist (Snake:1)
  2 deep elf magi (Elf:3)
  A faun (Shoals:2)
  A fire giant skeleton (Tomb:3)
  A yaktaur (Vaults:3)
  A wind drake (Depths:4)
  A polar bear (D:15)
  3 flying skulls (Tomb:3)
  4 air elementals (Depths:4)
  3 water elementals (Depths:4)
  2 insubstantial wisps (Depths:4)
  A centaur (Vaults:3)
  An orc wizard (Orc:1)
  3 mummies (Tomb:2)
  4 ball lightnings (Depths:4)
  3 orcs
  34 fungi
  60 plants
  10 spectral weapons
167 creatures vanquished.

Grand Total: 2918 creatures vanquished

Notes
Turn   | Place    | Note
-------+----------+-------------------------------------------
     0 | D:1      | Amnesiac the Mummy Necromancer began the quest for the Orb.
     0 | D:1      | Reached XP level 1. HP: 13/13 MP: 4/4
    81 | D:1      | Reached skill level 1 in Fighting
   112 | D:1      | Reached XP level 2. HP: 21/22 MP: 3/5
   459 | D:1      | Reached XP level 3. HP: 27/27 MP: 2/7
   464 | D:1      | Learned a level 3 spell: Vampiric Draining
  1178 | D:2      | Reached XP level 4. HP: 29/34 MP: 8/8
  1789 | D:3      | Noticed Lanoc's ghost (amateur TrWn)
  2033 | D:4      | Noticed Edmund
  2059 | D:4      | Killed Edmund
  2059 | D:4      | Reached skill level 5 in Necromancy
  2059 | D:4      | Reached XP level 5. HP: 15/41 MP: 1/10
  2287 | D:4      | Reached XP level 6. HP: 28/47 MP: 4/12
  2338 | D:4      | Learned a level 5 spell: Borgnjor's Vile Clutch
  2343 | D:4      | Learned a level 4 spell: Animate Dead
  2359 | D:4      | Noticed Menkaure
  2369 | D:4      | Killed Menkaure
  3076 | D:3      | Reached XP level 7. HP: 34/53 MP: 6/13
  3199 | D:3      | Noticed Jessica
  3205 | D:3      | Killed Jessica
  3489 | D:5      | Entered Level 5 of the Dungeon
  3666 | D:5      | Noticed Grinder
  3737 | D:5      | Paralysed by Grinder for 2 turns
  3807 | D:5      | Killed Grinder
  3807 | D:5      | Reached skill level 5 in Spellcasting
  4176 | D:5      | Noticed Eustachio
  4278 | D:6      | Noticed anet's ghost (novice DEWz)
  4527 | D:7      | Reached XP level 8. HP: 51/61 MP: 0/16
  4618 | D:7      | Found a staircase to the Ecumenical Temple.
  4632 | D:7      | Noticed Pikel
  4647 | Temple   | Entered the Ecumenical Temple
  4764 | Temple   | Became a worshipper of Kikubaaqudgha
  5150 | D:6      | Killed anet's ghost
  5150 | D:6      | Reached skill level 5 in Fighting
  5647 | D:6      | Reached XP level 9. HP: 31/68 MP: 5/19
  5835 | D:6      | Found a sacrificial altar of Ru.
  5872 | D:5      | Reached * piety under Kikubaaqudgha
  5872 | D:5      | Identified Kikubaaqudgha's Guide on Evil Rites (Kikubaaqudgha gifted it to you on level 5 of the Dungeon)
  5872 | D:5      | Received a gift from Kikubaaqudgha
  5959 | D:5      | Killed Eustachio
  7501 | D:7      | Reached skill level 5 in Dodging
  7653 | D:7      | Killed Pikel
  8205 | D:8      | Reached XP level 10. HP: 38/77 MP: 8/22
  8211 | D:8      | Reached skill level 10 in Necromancy
  8797 | D:8      | Noticed Erica
  8821 | D:8      | Killed Erica
  8920 | D:8      | Reached ** piety under Kikubaaqudgha
  9377 | D:9      | Identified a paperback manual
  9499 | D:9      | Noticed a queen ant
  9522 | D:9      | Killed a queen ant
  9532 | D:9      | HP: 1/83 [soldier ant (10)]
  9858 | D:8      | Reached XP level 11. HP: 46/89 MP: 2/23
 10165 | D:9      | Learned a level 2 spell: Corpse Rot
 10494 | D:9      | Learned a level 1 spell: Summon Butterflies
 10510 | D:9      | Reached *** piety under Kikubaaqudgha
 10510 | D:9      | Identified Kikubaaqudgha's Collected Works on Evil Arts (Kikubaaqudgha gifted it to you on level 9 of the Dungeon)
 10510 | D:9      | Received a gift from Kikubaaqudgha
 10753 | D:3      | Learned a level 5 spell: Dispel Undead
 10824 | D:3      | Killed Lanoc's ghost
 11010 | D:9      | Noticed Gastronok
 11038 | D:9      | Killed Gastronok
 11038 | D:9      | Reached skill level 10 in Fighting
 11088 | D:9      | Found a staircase to the Orcish Mines.
 11475 | Orc:1    | Entered Level 1 of the Orcish Mines
 11475 | Orc:1    | Noticed an orc knight
 11632 | D:10     | Entered Level 10 of the Dungeon
 11640 | D:10     | Noticed Joseph
 11892 | D:10     | Killed Joseph
 11915 | D:10     | Noticed a two-headed ogre
 11937 | D:10     | Killed a two-headed ogre
 12142 | D:10     | Noticed a centaur warrior
 12260 | D:10     | Killed a centaur warrior
 12494 | D:10     | Noticed an unseen horror
 12529 | D:10     | Killed an unseen horror
 12529 | D:10     | Reached **** piety under Kikubaaqudgha
 12529 | D:10     | Reached XP level 12. HP: 53/100 MP: 24/24
 12713 | D:10     | Noticed Snorg
 12785 | D:10     | Killed Snorg
 12785 | D:10     | Reached skill level 10 in Dodging
 13209 | D:10     | Noticed a two-headed ogre
 13220 | D:10     | Killed a two-headed ogre
 13432 | D:11     | Found a portal to a secret trove of treasure.
 13508 | D:11     | Got a twisted war axe
 13510 | D:11     | Identified the +8 war axe "Vyolue" {chop, Dex+4} (You found it on level 11 of the Dungeon)
 13662 | D:11     | Found a bloodstained altar of Trog.
 13804 | D:11     | Found Ecenimuf's General Store.
 13847 | D:11     | Found a staircase to the Lair.
 13851 | D:11     | Reached ***** piety under Kikubaaqudgha
 14351 | D:11     | Found Sakkiacs's General Store.
 14385 | D:11     | Found Qepnaoj's Antique Weapon Emporium.
 14519 | D:11     | Found Fawafafa's Weapon Emporium.
 15594 | D:12     | Noticed cirnu's ghost (journeyman DsFi)
 15929 | D:12     | Killed cirnu's ghost
 16325 | D:13     | Gained mutation: You are in touch with the powers of death. [Mummy growth]
 16325 | D:13     | Reached XP level 13. HP: 100/108 MP: 25/25
 18293 | D:13     | Found a gate to the Vaults.
 18515 | D:13     | Found a gate to the Vaults.
 19248 | D:14     | Found a labyrinth entrance.
 19257 | Lab      | Entered a labyrinth
 19750 | Lab      | Noticed a minotaur
 19830 | Lab      | Killed a minotaur
 19836 | Lab      | Got a coiled lapis lazuli ring
 19846 | D:14     | Identified the ring "Cucol" {Str+6 Dex+2} (You found it in a labyrinth)
 19879 | D:14     | Reached ****** piety under Kikubaaqudgha
 19893 | D:14     | Received a gift from Kikubaaqudgha
 20103 | Temple   | Fell from the grace of Kikubaaqudgha
 20103 | Temple   | Became a worshipper of Sif Muna the Loreminder
 20487 | Orc:2    | Entered Level 2 of the Orcish Mines
 20489 | Orc:2    | Noticed Maurice
 20497 | Orc:2    | Killed Maurice
 20513 | Orc:2    | Found a staircase to the Elven Halls.
 20670 | Orc:2    | Found Elomyvi's Distillery.
 20672 | Orc:2    | Found Kyimijiz's Antique Armour Shoppe.
 20806 | Orc:2    | Reached XP level 14. HP: 75/118 MP: 13/26
 21625 | Orc:2    | Reached * piety under Sif Muna
 21657 | Orc:2    | Found Laywuw's Antique Weapon Boutique.
 21666 | Orc:2    | Found Vir Xetengo's Food Emporium.
 22136 | Orc:1    | Noticed a reaper
 22559 | Orc:1    | Noticed Fannar
 22574 | Orc:1    | Killed Fannar
 22701 | Orc:2    | Bought a glowing cloak for 292 gold pieces
 22701 | Orc:2    | Bought a pair of embroidered gloves for 292 gold pieces
 22853 | Lair:1   | Entered Level 1 of the Lair of Beasts
 23461 | Lair:2   | Reached ** piety under Sif Muna
 23981 | Lair:2   | Reached skill level 15 in Dodging
 24583 | Lair:3   | Found a staircase to the Snake Pit.
 25001 | Lair:3   | Reached *** piety under Sif Muna
 25002 | Lair:3   | Reached XP level 15. HP: 99/126 MP: 7/28
 25656 | Lair:3   | Found a staircase to the Shoals.
 25662 | Lair:3   | Reached skill level 10 in Spellcasting
 26381 | Lair:5   | Found a viscous altar of Jiyva.
 26554 | Lair:5   | Reached **** piety under Sif Muna
 26671 | Lair:5   | Got a ruby-encrusted scale mail
 26682 | Lair:5   | Identified the +4 scale mail "Eruntier" {-Cast rN+ MP+9 Stlth+} (You found it on level 5 of the Lair of Beasts)
 26848 | Lair:5   | Found a staircase to the Slime Pits.
 27344 | Lair:6   | Entered Level 6 of the Lair of Beasts
 27915 | Lair:6   | Reached ***** piety under Sif Muna
 27929 | Lair:6   | Identified Gofecink's Papyrus of the Compass (Sif Muna gifted it to you on level 6 of the Lair of Beasts)
 27929 | Lair:6   | Received a gift from Sif Muna
 28579 | Lair:6   | Reached XP level 16. HP: 97/133 MP: 8/32
 28627 | Lair:6   | Was forgiven by Kikubaaqudgha
 29419 | Lair:6   | Reached skill level 15 in Necromancy
 29791 | D:11     | Learned a level 2 spell: Blink
 29800 | D:11     | Learned a level 8 spell: Infestation
 29815 | D:12     | Learned a level 2 spell: Poisonous Vapours
 29823 | D:12     | Learned a level 7 spell: Haunt
 29902 | D:14     | Got a shimmering robe
 30446 | D:14     | Identified Sif Muna's Handbook of Changing and Ignition (Sif Muna gifted it to you on level 14 of the Dungeon)
 30446 | D:14     | Received a gift from Sif Muna
 30548 | D:15     | Entered Level 15 of the Dungeon
 30837 | D:15     | Identified the +1 robe "Rynkai" {rF+ rN+++ rCorr Str-4} (You found it on level 14 of the Dungeon)
 30933 | D:15     | Reached skill level 1 in Invocations
 30970 | D:15     | Found a frozen archway.
 31005 | IceCv    | Entered an ice cave
 31536 | D:15     | Found a staircase to the Depths.
 31688 | D:15     | Reached skill level 5 in Invocations
 31841 | D:15     | Found Canudwop's Magic Scroll Shoppe.
 31848 | D:15     | Bought a scroll of enchant weapon for 142 gold pieces
 31848 | D:15     | Bought a scroll of blinking for 142 gold pieces
 31848 | D:15     | Bought a scroll of blinking for 142 gold pieces
 31848 | D:15     | Bought a scroll of blinking for 142 gold pieces
 31849 | D:15     | Bought a scroll of teleportation for 57 gold pieces
 31849 | D:15     | Bought a scroll of teleportation for 57 gold pieces
 31927 | D:15     | Got a heavily runed large shield
 32244 | D:14     | Found a gateway to a bazaar.
 32254 | Bazaar   | Entered a bazaar
 32254 | Bazaar   | Found Falaps's Distillery.
 32262 | Bazaar   | Found Erphuguo's General Store.
 32267 | Bazaar   | Found Puzapif's Antique Armour Boutique.
 32275 | Bazaar   | Bought an embroidered robe for 88 gold pieces
 32275 | Bazaar   | Bought a glowing robe for 88 gold pieces
 32316 | Bazaar   | Found Kezydib's Food Shop.
 32345 | Bazaar   | Bought the +8 autumn katana {slice, Clar} for 728 gold pieces
 32345 | Bazaar   | Found the +8 autumn katana {slice, Clar}
 32345 | Bazaar   | Bought a scroll of teleportation for 33 gold pieces
 32345 | Bazaar   | Bought a scroll of summoning for 104 gold pieces
 32380 | D:14     | Identified the cursed -6 large shield of Purel {rC+ SInv} (You found it on level 15 of the Dungeon)
 32561 | Snake:1  | Entered Level 1 of the Snake Pit
 33142 | Snake:1  | Reached skill level 1 in Shields
 33539 | Snake:1  | HP: 6/133 [naga warrior/scimitar (6)]
 34629 | Snake:1  | Reached XP level 17. HP: 69/139 MP: 1/34
 35293 | Snake:1  | Received a gift from Sif Muna
 37401 | Snake:3  | Identified Urepedopt's Handbook of Lucky Dark Rituals (Sif Muna gifted it to you on level 3 of the Snake Pit)
 37401 | Snake:3  | Received a gift from Sif Muna
 37419 | Snake:3  | Learned a level 3 spell: Ozocubu's Armour
 37514 | Snake:4  | Entered Level 4 of the Snake Pit
 39385 | Snake:4  | Reached skill level 15 in Spellcasting
 39394 | Snake:4  | Reached XP level 18. HP: 58/146 MP: 1/37
 39767 | Snake:4  | Noticed Gaball's ghost (adept MfGl)
 39769 | Snake:4  | Killed Gaball's ghost
 40167 | Snake:4  | Found an ornate altar of the Wu Jian Council.
 40262 | Snake:4  | Noticed Vashnia
 40273 | Snake:4  | Identified Sif Muna's Reference Book on Attacks (Sif Muna gifted it to you on level 4 of the Snake Pit)
 40273 | Snake:4  | Received a gift from Sif Muna
 40301 | Snake:4  | HP: 4/146 [Vashnia/arrow (21)]
 40301 | Snake:4  | HP: 1/146 [Vashnia/arrow (3)]
 40669 | Snake:4  | Got a bloodstained broad axe {chop}
 40670 | Snake:4  | Identified the +4 broad axe "Rogeil" {chop, Dex+3} (You took it off a naga on level 4 of the Snake Pit)
 40757 | Snake:4  | Killed Vashnia
 41351 | Snake:4  | Noticed Saint Roka
 41371 | Snake:4  | Killed Saint Roka
 42129 | Snake:4  | Got a serpentine rune of Zot
 42775 | Elf:1    | Entered Level 1 of the Elven Halls
 42953 | Elf:1    | Found Guaveiw's Jewellery Shop.
 43291 | Elf:1    | Noticed Kirke
 43298 | Elf:1    | Killed Kirke
 43298 | Elf:1    | Reached skill level 1 in Summonings
 43504 | Elf:1    | Received a gift from Sif Muna
 43509 | Elf:1    | Learned a level 1 spell: Confusing Touch
 43693 | Elf:1    | Found an ancient bone altar of Kikubaaqudgha.
 44136 | Elf:2    | Reached XP level 19. HP: 149/152 MP: 30/38
 44177 | Elf:2    | Found Qawy Von's Assorted Antiques.
 44189 | Elf:2    | Bought a glowing robe for 133 gold pieces
 44271 | Elf:2    | Found a runed gate.
 44271 | Elf:2    | Found a runed gate.
 44271 | Elf:2    | Found a runed gate.
 44315 | Elf:2    | Reached skill level 5 in Summonings
 44545 | Elf:2    | Reached skill level 1 in Evocations
 45237 | Elf:3    | Entered Level 3 of the Elven Halls
 45517 | Elf:3    | Reached skill level 5 in Evocations
 45524 | Elf:3    | Found Lextoagg's Food Boutique.
 45653 | Elf:3    | Noticed Donald
 45659 | Elf:3    | Killed Donald
 45816 | Elf:3    | Got a pitted long sword {slice}
 45817 | Elf:3    | Identified the +7 long sword "Conservator" {slice, rPois Str+3 Int-4 Dex+4} (You took it off a deep elf mage on level 3 of the Elven Halls)
 45867 | Elf:3    | Noticed a Brimstone Fiend
 46345 | Elf:3    | Reached skill level 10 in Invocations
 46915 | Elf:3    | Reached XP level 20. HP: 110/159 MP: 9/39
 47037 | Elf:3    | Got a wavering wooden ring
 47055 | Elf:3    | Got a clouded platinum ring
 47074 | Elf:3    | Reached skill level 1 in Long Blades
 47074 | Elf:3    | Reached skill level 1 in Staves
 47308 | Elf:3    | Got a brightly glowing lead ring
 47365 | Elf:3    | Got an ichor-stained chain mail
 47388 | Elf:3    | Identified the +4 chain mail of the Spheres {rCorr Dex+3 Slay-3 Stlth+} (You found it on level 3 of the Elven Halls)
 47443 | Elf:3    | Got a translucent jade ring
 47543 | Elf:3    | Got a bound jade ring
 47661 | Elf:3    | Learned a level 3 spell: Spectral Weapon
 47721 | Elf:3    | Identified the ring "Niuveiq" {MR+ Str+6 Dex+6 Slay-3} (You found it on level 3 of the Elven Halls)
 47723 | Elf:3    | Identified the ring "Uzumod" {rElec rF+ Str+3} (You took it off a deep elf knight on level 3 of the Elven Halls)
 47725 | Elf:3    | Identified the ring of the Wary Continents {*Slow rPois rF+ Dex+2} (You took it off a deep elf demonologist on level 3 of the Elven Halls)
 47727 | Elf:3    | Identified the ring "Neghi" {+Inv rC+ Dex+5} (You took it off a deep elf demonologist on level 3 of the Elven Halls)
 47729 | Elf:3    | Identified the ring "Idodurob" {*Tele rF+++ rC- MP+9 Int-4} (You took it off a deep elf demonologist on level 3 of the Elven Halls)
 48306 | Shoals:1 | Entered Level 1 of the Shoals
 49344 | Shoals:2 | Found Valluurph's Antique Weapon Emporium.
 49362 | Shoals:2 | Found Zudo's Jewellery Shoppe.
 49380 | Shoals:2 | Found Ostrefuet's Assorted Antiques.
 49648 | D:11     | You paid a toll of a +4 demon trident to enter a treasure trove
 49649 | Trove    | Entered a treasure trove
 49654 | Trove    | Got a fine amber ring
 49666 | Trove    | Got a twitching ivory ring
 49684 | Trove    | Got a fine bronze amulet
 49688 | Trove    | Got a heavily runed bronze amulet
 49702 | Trove    | Identified the amulet of Pon Zusu {RegenMP rElec rPois SInv} (You found it in a treasure trove)
 49706 | Trove    | Got a scorched platinum ring
 49708 | Trove    | Identified the ring of Eggiw {*Tele *Corrode rPois Str+7} (You found it in a treasure trove)
 49711 | Trove    | Identified the ring "Vugeom" {Str+3 Int-5 Dex+5 Slay+2} (You found it in a treasure trove)
 49714 | Trove    | Identified the cursed ring of Jony {Str-3 Int+3 Dex+3} (You found it in a treasure trove)
 49722 | Trove    | Identified the amulet "Apixitan" {Harm *Drain rPois Str-5 Dex+6 SInv} (You found it in a treasure trove)
 50127 | Shoals:2 | Found Hirgh's Gadget Boutique.
 50941 | Shoals:2 | Found Athiob's General Store.
 51021 | Shoals:3 | Noticed Nikola
 51041 | Shoals:3 | Killed Nikola
 51097 | Shoals:3 | Reached skill level 15 in Fighting
 52013 | Shoals:3 | Noticed Polyphemus
 52037 | Shoals:3 | Killed Polyphemus
 52283 | Shoals:4 | Entered Level 4 of the Shoals
 53053 | Shoals:4 | Reached skill level 5 in Shields
 53830 | Shoals:4 | Noticed Ilsuiw
 53840 | Shoals:4 | Killed Ilsuiw
 54300 | Shoals:4 | Found the amulet of the Air {Inacc +Fly rElec EV+5 RMsl}
 54371 | Shoals:4 | Identified Sif Muna's Collected Works on the Mutagenic Glacier
 54376 | Shoals:4 | Learned a level 2 spell: Passwall
 54399 | Shoals:4 | Reached XP level 21. HP: 168/168 MP: 34/40
 54662 | Shoals:4 | Got a barnacled rune of Zot
 54927 | Vaults:1 | Entered Level 1 of the Vaults
 57618 | Vaults:2 | Reached skill level 10 in Shields
 59029 | Vaults:3 | Identified Sif Muna's Volume of Aid and the Voyage (Sif Muna gifted it to you on level 3 of the Vaults)
 59029 | Vaults:3 | Received a gift from Sif Muna
 59092 | Vaults:3 | Reached skill level 5 in Long Blades
 59339 | Vaults:3 | Found a staircase to the Crypt.
 59847 | Vaults:3 | Reached XP level 22. HP: 166/175 MP: 26/41
 60559 | Vaults:3 | Noticed Frederick
 60571 | Vaults:3 | Killed Frederick
 60631 | Vaults:3 | Found Ucseegaops's Weapon Emporium.
 61118 | Vaults:4 | Found Xiessoaz's Antique Armour Emporium.
 61484 | Vaults:4 | Got a shimmering falchion
 61560 | Vaults:4 | Identified a scroll of acquirement {!r}
 62242 | Crypt:1  | Entered Level 1 of the Crypt
 63910 | Crypt:2  | Reached skill level 15 in Shields
 64602 | Crypt:2  | Noticed Jorgrun
 64613 | Crypt:2  | Killed Jorgrun
 64851 | Crypt:2  | Found a basalt altar of Yredelemnul.
 64962 | Crypt:2  | Noticed Xtahua
 65003 | Crypt:2  | Killed Xtahua
 65007 | Crypt:2  | Got a translucent flail
 65237 | Crypt:2  | Reached XP level 23. HP: 175/181 MP: 31/42
 65588 | Crypt:3  | Entered Level 3 of the Crypt
 66080 | Crypt:3  | Received a gift from Sif Muna
 66090 | Crypt:3  | Learned a level 5 spell: Bolt of Draining
 66098 | Crypt:3  | Identified the Almanac of Unholy Arts
 66241 | Crypt:3  | Found a staircase to the Tomb.
 66433 | Crypt:3  | Noticed an ancient lich
 66437 | Crypt:3  | Killed an ancient lich
 66604 | Crypt:3  | Got a heavily runed tin ring
 66605 | Crypt:3  | Identified the ring of Xigujiyt {Int+8 Dex+3} (You found it on level 3 of the Crypt)
 66627 | Crypt:3  | Reached skill level 10 in Long Blades
 67476 | Crypt:3  | Found an ancient bone altar of Kikubaaqudgha.
 67575 | Crypt:3  | Identified the Compendium of the Moth
 67580 | Crypt:3  | Learned a level 1 spell: Apportation
 67590 | Crypt:3  | Noticed an ancient lich
 67593 | Crypt:3  | Killed an ancient lich
 68141 | Tomb:1   | Entered Level 1 of the Tomb of the Ancients
 70220 | Tomb:2   | Noticed a greater mummy
 70221 | Tomb:2   | Noticed an ancient lich
 70225 | Tomb:2   | Noticed a greater mummy
 70226 | Tomb:2   | Noticed a greater mummy
 70232 | Tomb:2   | Killed a greater mummy
 70235 | Tomb:2   | Killed an ancient lich
 70235 | Tomb:2   | Reached XP level 24. HP: 70/191 MP: 15/42
 70554 | Tomb:2   | Killed a greater mummy
 70560 | Tomb:2   | Killed a greater mummy
 70588 | Tomb:2   | HP: 5/191 [skeletal warrior/halberd (5)]
 70595 | Tomb:2   | HP: 7/191 [flayed ghost[a mummy priest] (1)]
 71555 | Tomb:1   | Noticed a greater mummy
 71561 | Tomb:1   | Killed a greater mummy
 71696 | Tomb:1   | Noticed a greater mummy
 71704 | Tomb:1   | Noticed a greater mummy
 71707 | Tomb:1   | Killed a greater mummy
 71732 | Tomb:1   | Killed a greater mummy
 72147 | Tomb:1   | Noticed a greater mummy
 72153 | Tomb:1   | Killed a greater mummy
 72257 | Tomb:1   | Noticed a greater mummy
 72265 | Tomb:1   | Killed a greater mummy
 72336 | Tomb:1   | Noticed a greater mummy
 72364 | Tomb:1   | Killed a greater mummy
 72408 | Tomb:1   | Noticed a greater mummy
 72535 | Tomb:1   | Killed a greater mummy
 72630 | Tomb:1   | Noticed a greater mummy
 72630 | Tomb:1   | Noticed a greater mummy
 72630 | Tomb:1   | Noticed a greater mummy
 72648 | Tomb:1   | Killed a greater mummy
 72656 | Tomb:1   | Killed a greater mummy
 72659 | Tomb:1   | Killed a greater mummy
 73110 | Tomb:3   | Entered Level 3 of the Tomb of the Ancients
 73366 | Tomb:3   | Noticed a greater mummy
 73371 | Tomb:3   | Noticed a greater mummy
 73375 | Tomb:3   | Noticed a greater mummy
 73378 | Tomb:3   | Noticed a greater mummy
 73380 | Tomb:3   | Found the +0 mask of the Dragon {MR+ Slay+3 SInv}
 73389 | Tomb:3   | HP: 7/197 [death scarab (9)]
 73403 | Tomb:3   | Killed a greater mummy
 73408 | Tomb:3   | Killed a greater mummy
 73415 | Tomb:3   | HP: 7/197 [emperor scorpion[a greater mummy] (6)]
 73421 | Tomb:3   | Killed a greater mummy
 73425 | Tomb:3   | Noticed a greater mummy
 73426 | Tomb:3   | HP: 9/197 [emperor scorpion[a greater mummy] (2)]
 73426 | Tomb:3   | Killed a greater mummy
 73433 | Tomb:3   | Killed a greater mummy
 73787 | Tomb:3   | Noticed a greater mummy
 73796 | Tomb:3   | Killed a greater mummy
 73796 | Tomb:3   | Reached XP level 25. HP: 148/203 MP: 4/43
 73814 | Tomb:3   | Identified the Tome of Clay
 74074 | Tomb:3   | Got an ebony short sword
 74117 | Tomb:3   | Noticed a greater mummy
 74118 | Tomb:3   | Noticed a greater mummy
 74131 | Tomb:3   | Killed a greater mummy
 74157 | Tomb:3   | Killed a greater mummy
 74508 | Tomb:3   | Received a gift from Sif Muna
 74518 | Tomb:3   | Learned a level 4 spell: Passage of Golubria
 74703 | Tomb:3   | Got a scintillating marble ring
 74704 | Tomb:3   | Identified the ring "Mifuesk" {Wiz Str-5 Dex+4} (You found it on level 3 of the Tomb of the Ancients)
 74768 | Tomb:3   | Got a golden rune of Zot
 75322 | Depths:1 | Entered Level 1 of the Depths
 75660 | Depths:2 | Found a gateway to a ziggurat.
 77887 | Depths:3 | Found a one-way gate leading to the halls of Pandemonium.
 78091 | Depths:2 | Found the +18 shield of the Gong {rElec rN+ MR+ EV-5}
 78204 | Depths:3 | Noticed Sojobo
 78232 | Depths:3 | Killed Sojobo
 78530 | Depths:3 | Found a gateway to Hell.
 78657 | Depths:3 | Got an ancient quarterstaff
 78823 | Depths:5 | Entered Level 5 of the Depths
 78928 | Depths:5 | Gained mutation: You are strongly in touch with the powers of death. [Mummy growth]
 78928 | Depths:5 | Reached XP level 26. HP: 121/215 MP: 1/44
 79641 | Depths:5 | Noticed Jory
 79648 | Depths:5 | Killed Jory
 79652 | Depths:5 | Identified Sif Muna's Collected Works on Lethal Dark Magic (Sif Muna gifted it to you on level 5 of the Depths)
 79652 | Depths:5 | Received a gift from Sif Muna
 79779 | Depths:4 | HP: 5/215 [glaive of chopping (11)]
 79779 | Depths:4 | HP: 2/215 [glaive of chopping (3)]
 81105 | Depths:5 | Identified Udohomov's Collected Works on Lethal Attacks (Sif Muna gifted it to you on level 5 of the Depths)
 81105 | Depths:5 | Received a gift from Sif Muna
 81282 | Depths:5 | Found a gate to the Realm of Zot.
 81405 | Zot:1    | Entered Level 1 of the Realm of Zot
 82089 | Zot:5    | Entered Level 5 of the Realm of Zot
 82603 | Zot:5    | Noticed an ancient lich
 82604 | Zot:5    | Noticed an ancient lich
 82965 | Zot:5    | Killed an ancient lich
 83127 | Zot:5    | Killed an ancient lich
 83192 | Zot:5    | Noticed an orb of fire
 83226 | Zot:5    | Noticed an ancient lich
 83229 | Zot:5    | Noticed an ancient lich
 83229 | Zot:5    | Killed from afar by an orb of fire

Vault maps used:
D:1:      dpeg_arrival_court
D:3:      first_ration, uniq_jessica
D:4:      uniq_edmund, uniq_menkaure
D:5:      kennysheep_path_1, uniq_grinder, uniq_eustachio
D:6:      overflow_temple_1_default
D:7:      minmay_temple_entry_crystal_x, uniq_pikel
D:8:      serial_glass, glass_columns_a, glass_columns_a,
          hangedman_pestilent_swarm, uniq_erica
D:9:      orc_0_dummy, minivault_29, uniq_gastronok
D:10:     uniq_joseph, uniq_snorg
D:11:     lair_entry_dummy, serial_shops, shop, shop, nicolae_shop_stone,
          nicolae_shop_behind_doors, nicolae_trove_entry_crossroad,
          trog_ov_bears_minmay
D:13:     grunt_vaults_entry_tiered
D:14:     serial_shops, statue_bzr, wad_floor_pattern_1, lab_entry_generic
D:15:     hangedman_depths_entry_try_elsewhere_first, serial_ice, serial_ice_d,
          serial_ice_n, serial_ice_c, serial_ice_m, serial_shops, shop,
          portal_ice_cave_entry_animals_and_master, special_room,
          serial_park_gazebo, stair_cage_line,
          einodemon_armed_red_devil_minivault
Temple:   kilobyte_greek_temple
Lair:1:   lemuel_fruit_fields, lemuel_fruit_fields, lemuel_fruit_tree,
          minmay_lair_oklob_chamber
Lair:2:   grunt_megastairs_2
Lair:3:   elwin_shoals_entry_rooms, minmay_snake_entry_guardpost_small,
          grunt_megastairs_1
Lair:4:   grunt_forest_small_clearings, grunt_megastairs_4
Lair:5:   slime_altar_1
Lair:6:   minmay_lair_end_frog_pond
Shoals:1: st_sunken_temple
Shoals:2: serial_shops, shop_statue, shop, nicolae_shop_trees,
          nicolae_shop_behind_doors, shop
Shoals:3: nicolae_shoals_so_close, uniq_nikola, uniq_polyphemus
Shoals:4: shoals_end_grunt_ice, shoals_ilsuiw_alternative
Snake:1:  special_room, spider_trap, abandoned_shop, evilmike_ambush
Snake:2:  spider_trap, grunt_ministairs_6, serial_bayou_lake_a
Snake:4:  johnstein_snake_rune_scales, basic_altar, uniq_vashnia,
          uniq_saint_roka
Orc:1:    uniq_fannar
Orc:2:    st_orc_open, uniq_maurice
Elf:1:    elf_arrival_001, basic_altar, serial_shops, shop_fountains, uniq_kirke
Elf:2:    serial_glass, glass_columns_b, glass_columns_b, serial_shops, shop
Elf:3:    nooodl_elf_gasket, serial_shops, shop_fountains,
          minmay_misc_feat_columns, uniq_donald
Vaults:1: st_octagons_2, vaults_room_large_hall, v_misc_33, v_misc_14,
          vaults_mumra_chevron
Vaults:2: nicolae_vaults_inception_statues, hangedman_vaults_nodes, v_misc_15,
          v_misc_9, nicolae_vaults_triangles, vaults_room_glass_cross,
          ontoclasm_vaults_pinch, v_rooms_2, hangedman_vaults_variations,
          hangedman_vaults_capsules, nicolae_vaults_back_hallway,
          nicolae_vaults_little_squares_4, v_misc_8, vaults_room_door_ring,
          nicolae_vaults_little_squares_2, ontoclasm_vaults_twist
Vaults:3: nicolae_vaults_border_crossing, minmay_crypt_entry_skeletal_spiral,
          v_misc_23, vaults_mumra_minichess, v_misc_17, v_misc_13, v_misc_18,
          hangedman_vaults_pinch, v_misc_19, ontoclasm_vaults_fault,
          grunt_vaults_hallway_long, serial_shops, nicolae_shop_waterfront,
          uniq_frederick
Vaults:4: v_pattern_2, nicolae_vaults_murderbox, v_misc_13,
          grunt_vaults_diagonal, vaults_room_grunt_arrival_ludios,
          ontoclasm_vaults_claustrophobia, vaults_room_octagon,
          nicolae_vaults_little_squares_1, ontoclasm_vaults_chip,
          ontoclasm_vaults_gateway, vaults_room_hallway, serial_shops, shop
Crypt:2:  gammafunk_crypt_yreds_forest, uniq_jorgrun, uniq_xtahua
Crypt:3:  quadcrypt_mu
Depths:1: minmay_the_grid_triangle_9x9_rhombus_thin_mashed, hell_entry,
          minivault_16, grunt_decor_one_mirror, dk_noncrumbling_4,
          minmay_protected_statue
Depths:2: kennysheep_ogre_elephant_herders, enter_ziggurat_e, pan_entry,
          hex_medium, pf_vacation_house_of_asmodeus, minmay_misc_feat_hallway,
          water_boxes_lemuel, serial_bayou_shore_a
Depths:3: nooodl_heptagram, grunt_hell_entry_dis_grunt, abandoned_shop,
          pan_entry, kennysheep_generic_room_13, firewood_loft,
          infiniplex_staircase_pool_2, uniq_sojobo
Depths:4: radiant_caverns_b_rkd, abyss_entry, pan_entry, hell_entry
Depths:5: grunt_zot_entry_alcove, hell_entry, special_room,
          serial_sigils_hangedman_quiver, glass_columns_c,
          nicolae_twisting_strands, serial_bayou_shore_b, minmay_shop_grove,
          uniq_jory
Zot:1:    gammafunk_sealed_library
Zot:2:    basic_stair_grate_trap
Zot:3:    hangedman_zot_decor_tridents
Lab:      nicolae_lab_statue, nicolae_lab_big_swirl, nicolae_lab_dead_end,
          nicolae_lab_very_dead_end, nicolae_lab_grate, nicolae_lab_quarters,
          nicolae_lab_arrow, nicolae_lab_swirl, nicolae_lab_lava, lab_statue
Bazaar:   bazaar_kb_twisted_cavern
Trove:    trove_jewel_2
IceCv:    ice_cave_small_dragons

Skill      XL: |  1  2  3  4  5  6  7  8  9 10 11 12 13 14 15 16 17 18 19 20 21 22 23 24 25 26 |
---------------+-------------------------------------------------------------------------------+-----
Fighting       | 1 2 3 4 5 6 9 11 12 13 14 15 17 19 20 | 20.0
Spellcasting   | 3 4 5 6 8 9 12 13 15 16 17 19 | 19.5
Dodging        | 2 3 4 5 7 9 12 14 15 16 17 19 20 | 20.8
Necromancy     | 5 6 7 8 9 10 11 14 15 17 20 | 20.0
Invocations    | 8 12 | 12.0
Shields        | 4 7 11 15 | 15.0
Summonings     | 4 5 |  5.0
Evocations     | 5 |  5.0
Long Blades    | 3 6 8 12 | 12.0
Staves         | 3 4 |  4.0
Stealth        | |  1.5

Action                   |  1- 3 |  4- 6 |  7- 9 | 10-12 | 13-15 | 16-18 | 19-21 | 22-24 | 25-27 || total
-------------------------+-------+-------+-------+-------+-------+-------+-------+-------+-------++-------
Melee: Hand axe          |    27 |       |       |       |       |       |       |       |       ||    27
       Dagger            |    30 |    14 |   295 |   342 |       |       |       |       |       ||   681
       Flail             |       |       |    13 |       |       |       |       |       |       ||    13
       Whip              |       |       |       |   287 |       |       |       |       |       ||   287
       War axe           |       |       |       |    76 |   771 |       |       |       |       ||   847
       Staff             |       |       |       |       |    25 |   747 |   578 |     1 |       ||  1351
       Demon trident     |       |       |       |       |       |       |     2 |       |       ||     2
       Katana            |       |       |       |       |       |       |    90 |   717 |   780 ||  1587
 Fire: Hunting sling     |       |   166 |   108 |     1 |       |       |       |       |       ||   275
Throw: Stone             |       |       |       |     3 |       |       |       |       |       ||     3
 Cast: Pain              |    45 |       |       |       |       |       |       |       |       ||    45
       Vampiric Draining |     2 |     5 |    36 |   128 |    55 |     7 |    40 |       |       ||   273
       Borgnjor's Vile C |       |       |     6 |    26 |   189 |   254 |   295 |   117 |    80 ||   967
       Animate Dead      |       |       |     1 |       |       |       |       |       |       ||     1
       Dispel Undead     |       |       |       |    19 |     5 |     9 |     6 |   301 |    56 ||   396
       Corpse Rot        |       |       |       |       |     2 |       |       |       |       ||     2
       Summon Butterflie |       |       |       |       |     1 |       |       |       |       ||     1
       Haunt             |       |       |       |       |       |     1 |    11 |    23 |     6 ||    41
       Infestation       |       |       |       |       |       |     1 |     2 |    13 |    34 ||    50
       Blink             |       |       |       |       |       |     1 |     9 |     5 |     4 ||    19
       Confusing Touch   |       |       |       |       |       |       |     1 |     4 |       ||     5
       Spectral Weapon   |       |       |       |       |       |       |       |    16 |    10 ||    26
       Bolt of Draining  |       |       |       |       |       |       |       |    14 |    58 ||    72
       Passwall          |       |       |       |       |       |       |       |       |     1 ||     1
Invok: Receive Necronomi |       |       |       |       |     1 |       |       |       |       ||     1
       Channel Magic     |       |       |       |       |       |    15 |    10 |    19 |     7 ||    51
       Divine Energy     |       |       |       |       |       |     1 |       |       |       ||     1
 Abil: Evoke Flight      |       |       |       |       |       |       |     1 |       |       ||     1
Evoke: Wand              |       |       |       |       |     9 |     4 |       |       |       ||    13
       Lamp of fire      |       |       |       |       |       |     1 |       |       |       ||     1
       Box of beasts     |       |       |       |       |       |       |       |     1 |       ||     1
  Use: Scroll            |       |     4 |     8 |     1 |    13 |     8 |    16 |    13 |     8 ||    71
 Stab: Sleeping          |     1 |       |     4 |     3 |     2 |     2 |     4 |     4 |     1 ||    21
       Distracted        |       |       |       |       |     1 |     1 |     1 |     2 |     8 ||    13
Armor: Robe              |    15 |    18 |    28 |       |   250 |   310 |   259 |   151 |   156 ||  1187
       Leather armour    |       |       |    15 |   105 |    39 |       |       |       |       ||   159
Dodge: Dodged            |    50 |    97 |   317 |   780 |  1820 |  1821 |   999 |   754 |   578 ||  7216
Block: Other             |       |       |    38 |   109 |   166 |    59 |       |       |       ||   372
       Reflection        |       |       |       |     1 |     1 |     1 |    13 |    25 |    39 ||    80
       Buckler           |       |       |       |       |       |   264 |   197 |       |       ||   461
       Shield            |       |       |       |       |       |       |   213 |   879 |   786 ||  1878
       Rpst.: Katana     |       |       |       |       |       |       |    12 |   139 |   107 ||   258

Table legend:
 A = Spawn XP
 B = Non-spawn XP
 C = Spawn XP percentage of total XP
 D = Spawn monster count
 E = Non-spawn monster count
 F = Spawn count percentage of total count
 G = Total turns spent on level
                    A         B        C        D         E        F      G
               +---------+---------+-------+---------+---------+-------+---------
         Total |       0 | 1494629 |   0.0 |       0 |    2642 |   0.0 | 83229
               +---------+---------+-------+---------+---------+-------+---------
           D:1 |       0 |      44 |   0.0 |       0 |      22 |   0.0 |   894
           D:2 |       0 |      83 |   0.0 |       0 |      26 |   0.0 |   882
           D:3 |       0 |     330 |   0.0 |       0 |      21 |   0.0 |  1075
           D:4 |       0 |     533 |   0.0 |       0 |      14 |   0.0 |  1023
           D:5 |       0 |     901 |   0.0 |       0 |      27 |   0.0 |  1450
           D:6 |       0 |    1683 |   0.0 |       0 |      34 |   0.0 |  1547
           D:7 |       0 |    1296 |   0.0 |       0 |      15 |   0.0 |  1669
           D:8 |       0 |    3793 |   0.0 |       0 |      33 |   0.0 |  1229
           D:9 |       0 |   10673 |   0.0 |       0 |      68 |   0.0 |  2518
          D:10 |       0 |    8625 |   0.0 |       0 |      38 |   0.0 |  1698
          D:11 |       0 |    6013 |   0.0 |       0 |      33 |   0.0 |  1607
          D:12 |       0 |    7477 |   0.0 |       0 |      37 |   0.0 |  2280
          D:13 |       0 |   14673 |   0.0 |       0 |      66 |   0.0 |  2374
          D:14 |       0 |    8594 |   0.0 |       0 |      25 |   0.0 |  1205
          D:15 |       0 |   15806 |   0.0 |       0 |      83 |   0.0 |  1385
        Lair:1 |       0 |    4444 |   0.0 |       0 |      17 |   0.0 |   932
        Lair:2 |       0 |    6283 |   0.0 |       0 |      23 |   0.0 |  1249
        Lair:3 |       0 |   11576 |   0.0 |       0 |      33 |   0.0 |  2360
        Lair:4 |       0 |    4009 |   0.0 |       0 |      13 |   0.0 |   531
        Lair:5 |       0 |   16381 |   0.0 |       0 |      46 |   0.0 |  1592
        Lair:6 |       0 |   36000 |   0.0 |       0 |     110 |   0.0 |  1741
      Shoals:1 |       0 |   16465 |   0.0 |       0 |      26 |   0.0 |  1177
      Shoals:2 |       0 |   17376 |   0.0 |       0 |      36 |   0.0 |  1261
      Shoals:3 |       0 |   24203 |   0.0 |       0 |      38 |   0.0 |  2089
      Shoals:4 |       0 |   40426 |   0.0 |       0 |      60 |   0.0 |  1657
       Snake:1 |       0 |   31664 |   0.0 |       0 |      68 |   0.0 |  2107
       Snake:2 |       0 |   29134 |   0.0 |       0 |      64 |   0.0 |  2696
       Snake:3 |       0 |   25533 |   0.0 |       0 |      53 |   0.0 |   868
       Snake:4 |       0 |   73179 |   0.0 |       0 |     128 |   0.0 |  3580
         Orc:1 |       0 |    7112 |   0.0 |       0 |      40 |   0.0 |  1287
         Orc:2 |       0 |   15859 |   0.0 |       0 |      76 |   0.0 |  1226
         Elf:1 |       0 |   17306 |   0.0 |       0 |      28 |   0.0 |  1094
         Elf:2 |       0 |   32859 |   0.0 |       0 |      50 |   0.0 |  1497
         Elf:3 |       0 |   87871 |   0.0 |       0 |      88 |   0.0 |  2721
      Vaults:1 |       0 |   26520 |   0.0 |       0 |      50 |   0.0 |  1498
      Vaults:2 |       0 |   54042 |   0.0 |       0 |      74 |   0.0 |  1837
      Vaults:3 |       0 |   71625 |   0.0 |       0 |      95 |   0.0 |  1909
      Vaults:4 |       0 |   33888 |   0.0 |       0 |      41 |   0.0 |  1392
       Crypt:1 |       0 |   26835 |   0.0 |       0 |      35 |   0.0 |  1490
       Crypt:2 |       0 |   46881 |   0.0 |       0 |      46 |   0.0 |  1876
       Crypt:3 |       0 |   63005 |   0.0 |       0 |      81 |   0.0 |  2691
        Tomb:1 |       0 |  123203 |   0.0 |       0 |     103 |   0.0 |  4292
        Tomb:2 |       0 |   44063 |   0.0 |       0 |      64 |   0.0 |   814
        Tomb:3 |       0 |   97115 |   0.0 |       0 |     116 |   0.0 |  1694
      Depths:1 |       0 |   11636 |   0.0 |       0 |      19 |   0.0 |   342
      Depths:2 |       0 |   31046 |   0.0 |       0 |      60 |   0.0 |   681
      Depths:3 |       0 |   77955 |   0.0 |       0 |      80 |   0.0 |  2317
      Depths:4 |       0 |   27614 |   0.0 |       0 |      66 |   0.0 |  1488
      Depths:5 |       0 |   77611 |   0.0 |       0 |      93 |   0.0 |  1255
         Zot:1 |       0 |    3548 |   0.0 |       0 |       2 |   0.0 |    35
         Zot:3 |       0 |   11515 |   0.0 |       0 |       6 |   0.0 |   119
         Zot:4 |       0 |   13946 |   0.0 |       0 |       9 |   0.0 |  1406
         Zot:5 |       0 |   65740 |   0.0 |       0 |      33 |   0.0 |   259
           Lab |       0 |    3207 |   0.0 |       0 |      10 |   0.0 |   583
         IceCv |       0 |    5430 |   0.0 |       0 |      20 |   0.0 |   322
               +---------+---------+-------+---------+---------+-------+---------
